 Dungeon Crawl Stone Soup version bcrawl-1.14.2-1-gc900083943 (webtiles) character file.

Game seed: 5049930847827360484

79 MisterOstroum the Sneak (level 4, -1/22 HPs)
             Began as a Spriggan Enchanter on Sept 18, 2019.
             Slain by Jessica
             ... wielding a +0 dagger
              (5 damage)
             ... on level 2 of the Dungeon on Sept 20, 2019.
             The game lasted 00:10:37 (1452 turns).

MisterOstroum the Sneak (Spriggan Enchanter)        Turns: 1452, Time: 00:10:38

Health: -1/22      AC:  2    Str:  4    XL:     4   Next: 16%
Magic:  4/10       EV: 18    Int: 17    God:
Gold:   86         SH:  0    Dex: 16    Spells: 3/9 levels left

rFire    . . .     SeeInvis +   k - +0 short sword (freeze)
rCold    . . .     Gourm    .   (shield restricted)
rNeg     . . .     Faith    .   b - +0 robe
rPois    .         Spirit   .   (helmet restricted)
rElec    .         Reflect  .   (no cloak)
rCorr    .         Harm     .   (gloves unavailable)
MR       .....                  (boots unavailable)
Stlth    +++.......             (no amulet)
HPRegen  0.07/turn              (no ring)
MPRegen  0.12/turn              (no ring)

@: very slightly contaminated, very quick
A: very small, unfitting armour, see invisible, herbivore, speed 3, slow
metabolism 2
a: no special abilities


You were on level 2 of the Dungeon.
You were not hungry.

You visited 1 branch of the dungeon, and saw 2 of its levels.

You collected 86 gold pieces.

Inventory:

Hand Weapons
 a - a +1 dagger
 k - a +0 short sword of freezing (weapon)
Missiles
 j - 111 stones (quivered)
 m - a throwing net {!f!f}
Armour
 b - a +0 robe (worn)
Jewellery
 h - an uncursed ring of see invisible {unknown}
Scrolls
 c - a scroll of teleportation {unknown}
 d - 2 scrolls of fog {!r}
 g - a scroll of immolation {unknown}
 i - 2 scrolls of identify {unknown}
 l - a scroll of enchant weapon {unknown}
Potions
 f - a potion of flight {unknown}
Comestibles
 e - 2 rations {!d}


   Skills:
 * Level 1.5 Fighting
 - Level 2.0 Short Blades
 - Level 3.0 Dodging
 - Level 5.0 Stealth
 + Level 3.4 Spellcasting
 - Level 4.0 Hexes
 + Level 1.3 Ice Magic


You had 3 spell levels left.
You knew the following spells:

 Your Spells              Type           Power        Failure   Level  Hunger
a - Corona                Hex            ###....      3%          1    None
b - Ensorcelled Hibernat  Hex/Ice        ##....       9%          2    ##.....
c - Confuse               Hex            ###.....     10%         3    ###....

Your spell library contained the following spells:

 Spells                   Type           Power        Failure   Level  Hunger
 Tukima's Dance           Hex            ###.....     10%         3    ###....
 Dazzling Spray           Conj/Hex       #.....       22%         3    ###....


Dungeon Overview and Level Annotations

Branches:
Dungeon (2/12)

Altars:

Annotations:
D:2 Jessica


Innate Abilities, Weirdness & Mutations

You are very small and have problems with some larger weapons.
You are too small for most types of armour.
You have supernaturally acute eyesight. (SInv)
You are a herbivore.
You cover ground extremely quickly.
You need to consume almost no food.


Message History

A gnoll comes into view. It is wielding a +4 whip.
A gnoll comes into view. It is wielding a +0 spear.
The gnoll shouts!
You hit the jackal but do no damage.
The jackal is severely wounded.
The jackal completely misses you. The jackal misses you.
You hit the jackal but do no damage.
The jackal is severely wounded.
The jackal completely misses you.
A dart slug comes into view.
You barely miss the jackal.
The jackal is heavily wounded.
The jackal bites you but does no damage.
The jackal closely misses you.
You hit the jackal. You freeze the jackal.
You kill the jackal!
You hit the jackal. You freeze the jackal.
You kill the jackal!
You barely miss the jackal. The jackal closely misses you.
Jessica the Apprentice Sorceress comes into view.
She is wielding a +0 dagger.
Jessica shouts!
You see here a giant cockroach corpse.
There is a stone staircase leading up here.
Throwing (i - inventory. (/) - cycle)
j - 115 stones (quivered)
Press: ? - help, Shift-Dir - straight line, f - jackal
Aim: a jackal You throw a stone.
The stone hits the jackal.
The jackal is lightly wounded.
Throwing (i - inventory. (/) - cycle)
j - 114 stones (quivered)
Press: ? - help, Shift-Dir - straight line, f/p - jackal
Aim: a jackal (lightly wounded)
You throw a stone.
The stone hits the jackal but does no damage.
The jackal is lightly wounded.
Casting: Ensorcelled Hibernation (safe; 9% risk of failure)
Confirm with . or Enter, or press ? or * to list all spells.
Aiming: Ensorcelled Hibernation (safe; 9% risk of failure)
Press: ? - help, Shift-Dir - straight line, f/p - jackal
Aim: a jackal (lightly wounded, chance to defeat MR: 61%)
The jackal looks drowsy...
The helpless jackal fails to defend itself.
You puncture the jackal! You freeze the jackal.
You kill the jackal!
Casting: Ensorcelled Hibernation (safe; 9% risk of failure)
Confirm with . or Enter, or press ? or * to list all spells.
Aiming: Ensorcelled Hibernation (safe; 9% risk of failure)
Press: ? - help, Shift-Dir - straight line, f - gnoll
Aim: a gnoll, wielding a +0 spear (chance to defeat MR: 51%)
Okay, then.
Unknown command.
Throwing (i - inventory. (/) - cycle)
j - 113 stones (quivered)
Press: ? - help, Shift-Dir - straight line, f - gnoll
Aim: a gnoll, wielding a +0 spear You throw a stone.
The stone hits the gnoll.
The gnoll is lightly wounded.
Throwing (i - inventory. (/) - cycle)
j - 112 stones (quivered)
Press: ? - help, Shift-Dir - straight line, f/p - gnoll
Aim: a gnoll, wielding a +0 spear (lightly wounded)
You throw a stone. The stone barely misses the gnoll.
Throwing (i - inventory. (/) - cycle)
j - 111 stones (quivered)
Press: ? - help, Shift-Dir - straight line, f/p - gnoll
Aim: a gnoll, wielding a +0 spear (lightly wounded)
Okay, then.
Casting: Ensorcelled Hibernation (safe; 9% risk of failure)
Confirm with . or Enter, or press ? or * to list all spells.
Okay, then.
Casting: Ensorcelled Hibernation (safe; 9% risk of failure)
Confirm with . or Enter, or press ? or * to list all spells.
Aiming: Ensorcelled Hibernation (safe; 9% risk of failure)
Press: ? - help, Shift-Dir - straight line, f/p - gnoll
Aim: a gnoll, wielding a +0 spear (lightly wounded, chance to defeat MR: 51%)
Okay, then.
Casting: Ensorcelled Hibernation (safe; 9% risk of failure)
Confirm with . or Enter, or press ? or * to list all spells.
Okay, then.
Casting: Ensorcelled Hibernation (safe; 9% risk of failure)
Confirm with . or Enter, or press ? or * to list all spells.
Aiming: Ensorcelled Hibernation (safe; 9% risk of failure)
Press: ? - help, Shift-Dir - straight line, f/p - gnoll
Aim: a gnoll, wielding a +0 spear (lightly wounded, chance to defeat MR: 51%)
You miscast Ensorcelled Hibernation.
You are very lightly contaminated with residual magic.
Nothing appears to happen.
The gnoll misses you.
Casting: Ensorcelled Hibernation (safe; 9% risk of failure)
Confirm with . or Enter, or press ? or * to list all spells.
Aiming: Ensorcelled Hibernation (safe; 9% risk of failure)
Press: ? - help, Shift-Dir - straight line, f/p - gnoll
Aim: a gnoll, wielding a +0 spear (lightly wounded, chance to defeat MR: 51%)
The gnoll resists with some effort.
Casting: Ensorcelled Hibernation (safe; 9% risk of failure)
Confirm with . or Enter, or press ? or * to list all spells.
Aiming: Ensorcelled Hibernation (safe; 9% risk of failure)
Press: ? - help, Shift-Dir - straight line, f/p - gnoll
Aim: a gnoll, wielding a +0 spear (lightly wounded, chance to defeat MR: 51%)
The gnoll resists with some effort.
The gnoll hits you from afar with a +0 spear!
The gnoll hits you from afar with a +0 spear!
* * * LOW HITPOINT WARNING * * *
Jessica hits you with a +0 dagger.
You die...

##........#.......#
#.....###.......#..#
#......###......##.#
#....#...##....## .#
#.#...##....##.### ###
............†....#....
.###......†#)....#
#........####..
###......<@..#
+...).....@#h#
###........g.####
#........g....#
#####.#........##.#
......#........# ..
#..####........## ##
#......##.....##
########.......#


You could see 2 gnolls, Jessica and a jackal.

Vanquished Creatures
  Terence (D:2)
  An ooze (D:1)
  2 worms (D:2)
  A dart slug (D:1)
  A leopard gecko (D:1)
  3 giant cockroaches
  2 hobgoblins (D:1)
  8 jackals
  3 bats (D:1)
  2 frilled lizards (D:1)
  4 goblins (D:1)
  6 kobolds (D:1)
  5 rats
39 creatures vanquished.

Notes
Turn   | Place    | Note
-------+----------+-------------------------------------------
     0 | D:1      | MisterOstroum the Spriggan Enchanter began the quest for
                  | the Orb.
     0 | D:1      | Reached XP level 1. HP: 9/9 MP: 5/5
   194 | D:1      | Reached skill level 5 in Stealth
   395 | D:1      | Reached XP level 2. HP: 8/14 MP: 4/6
   447 | D:1      | Learned a level 2 spell: Ensorcelled Hibernation
   714 | D:1      | Upgraded the game from bcrawl-1.14.1-2-g116eac945c to
                  | bcrawl-1.14.2-1-gc900083943
   806 | D:1      | Reached skill level 1 in Fighting
   875 | D:1      | Reached XP level 3. HP: 18/18 MP: 5/8
   897 | D:1      | Learned a level 3 spell: Confuse
  1210 | D:2      | Noticed Terence
  1211 | D:2      | Killed Terence
  1211 | D:2      | Reached skill level 1 in Ice Magic
  1290 | D:2      | Reached XP level 4. HP: 18/22 MP: 7/10
  1405 | D:2      | Noticed Jessica
  1452 | D:2      | Slain by Jessica

Skill      XL: |  1  2  3 |
---------------+----------+-----
Stealth        | 5 |  5.0
Fighting       | 1 |  1.5
Spellcasting   | 3 |  3.4
Hexes          | 4 |  4.0
Short Blades   | 2 |  2.0
Ice Magic      | 1 |  1.3
Dodging        | |  3.0

Action                   |  1- 3 |  4- 6 || total
-------------------------+-------+-------++-------
Melee: Dagger            |    83 |       ||    83
       Short sword       |    12 |    19 ||    31
Throw: Stone             |     6 |     5 ||    11
 Cast: Corona            |    11 |       ||    11
       Ensorcelled Hiber |    11 |     6 ||    17
 Stab: Sleeping          |    16 |     2 ||    18
Armor: Robe              |    10 |     2 ||    12
Dodge: Dodged            |    64 |    13 ||    77
